 Dungeon Crawl Stone Soup version 0.23.2-40-g277498a (webtiles) character file.

Game seed: 12769871224302088313

77 CrazyJ the Gusty (level 4, -1/35 HPs)
             Began as a Draconian Air Elementalist on Sept 11, 2019.
             Slain by a worm (6 damage)
             ... on level 3 of the Dungeon.
             The game lasted 00:13:30 (1887 turns).

CrazyJ the Gusty (Draconian Air Elementalist)       Turns: 1887, Time: 00:13:31

Health: -1/35      AC:  5    Str: 10    XL:     4   Next: 14%
Magic:  1/8        EV: 12    Int: 16    God:
Gold:   98         SH:  0    Dex: 12    Spells: 2/8 levels left

rFire    . . .     SeeInvis .   h - +0 spear
rCold    . . .     Gourm    .   (no shield)
rNeg     . . .     Faith    .   (armour unavailable)
rPois    .         Spirit   .   (helmet restricted)
rElec    .         Reflect  .   (no cloak)
rCorr    .         Harm     .   (no gloves)
MR       .....                  (no boots)
Stlth    ++........             (no amulet)
HPRegen  0.11/turn              (no ring)
MPRegen  0.11/turn              (no ring)

@: very slightly contaminated
A: unfitting armour, cold-blooded, AC +5
a: no special abilities


You were on level 3 of the Dungeon.
You were not hungry.

You visited 1 branch of the dungeon, and saw 3 of its levels.

You collected 98 gold pieces.

Inventory:

Hand Weapons
 e - a +0 club
 h - a +0 spear (weapon)
 j - a +0 spear
Missiles
 c - 47 stones (quivered)
Scrolls
 d - a scroll of fog {unknown}
 f - a scroll of identify {unknown}
 g - 2 scrolls of remove curse
Potions
 l - 2 potions of brilliance
Comestibles
 a - 3 chunks of flesh
 b - 5 rations


   Skills:
 + Level 1.0 Fighting
 + Level 0.6 Polearms
 + Level 2.0 Dodging
 - Level 1.7 Stealth
 * Level 2.7 Spellcasting
 + Level 1.7 Conjurations
 + Level 0.6 Charms
 * Level 3.5 Air Magic


You had 2 spell levels left.
You knew the following spells:

 Your Spells              Type           Power        Failure   Level  Hunger
a - Shock                 Conj/Air       ##..         6%          1    #......
b - Swiftness             Chrm/Air       #.......     12%         2    ##.....
c - Static Discharge      Conj/Air       ##......     19%         3    ###....

Your spell library contained the following spells:

 Spells                   Type           Power        Failure   Level  Hunger
 Airstrike                Air            ##........   41%         4    #####..
 Lightning Bolt           Conj/Air       ##........   87%         5    ######.


Dungeon Overview and Level Annotations

Branches:
Dungeon (3/15)

Altars:
The Shining One

Annotations:
D:2 Robin


Innate Abilities, Weirdness & Mutations

Your plain brown scales are hard. (AC +5)
You cannot fit into any form of body armour.
You are cold-blooded and may be slowed by cold attacks.


Message History

Casting: Shock (safe; 6% risk of failure)
Confirm with . or Enter, or press ? or * to list all spells.
Aiming: Shock (safe; 6% risk of failure)
Press: ? - help, Shift-Dir - straight line, f/p - worm
Aim: a worm (severely wounded)
The zap hits the worm.
The worm is almost dead.
Evoke which item? (* to show all) (? for menu, Esc to quit)
Attack whom?
Press: ? - help, Dir - move target cursor, f/p - worm
Aim: a worm (almost dead)
You reach to attack!
You barely miss the worm.
The worm is almost dead.
You hit the worm. You tail-slap the worm.
The worm is almost dead.
Okay, then.
You hit the worm.
The worm is almost dead.
The worm bites you.
You die...

#. #. .. #.
###. ... #.##
#.@# # ##w#.#
#.###.#.#
#.......#
#####.###
#######.#
#<......#
........#######
....#####


You could see a worm.

Vanquished Creatures
  3 adders (D:2)
  An ooze (D:2)
  2 worms (D:2)
  2 dart slugs (D:1)
  A leopard gecko (D:2)
  A ball python (D:2)
  2 bats
  2 giant cockroaches (D:1)
  6 goblins
  4 hobgoblins (D:1)
  3 frilled lizards (D:1)
  4 kobolds
  6 rats
37 creatures vanquished.

Notes
Turn   | Place    | Note
-------+----------+-------------------------------------------
     0 | D:1      | CrazyJ the Draconian Air Elementalist began the quest for
                  | the Orb.
     0 | D:1      | Reached XP level 1. HP: 14/14 MP: 3/3
   387 | D:1      | Reached XP level 2. HP: 18/22 MP: 1/5
   460 | D:1      | Learned a level 2 spell: Swiftness
  1055 | D:2      | Reached XP level 3. HP: 21/27 MP: 0/6
  1119 | D:2      | Found a glowing golden altar of the Shining One.
  1606 | D:2      | Learned a level 3 spell: Static Discharge
  1698 | D:2      | Reached skill level 1 in Fighting
  1698 | D:2      | Reached XP level 4. HP: 35/35 MP: 4/8
  1700 | D:2      | Noticed Robin
  1887 | D:3      | Slain by a worm

Skill      XL: |  1  2  3 |
---------------+----------+-----
Dodging        | 2 |  2.0
Fighting       | 1 |  1.0
Polearms       | |  0.6
Stealth        | |  1.7
Spellcasting   | |  2.7
Conjurations   | |  1.7
Charms         | |  0.6
Air Magic      | |  3.5

Action                   |  1- 3 |  4- 6 || total
-------------------------+-------+-------++-------
Melee: Club              |    29 |       ||    29
       Tailslap          |     5 |     2 ||     7
       Unarmed           |     3 |       ||     3
       Spear             |    20 |    13 ||    33
 Cast: Shock             |    52 |    12 ||    64
       Swiftness         |       |     1 ||     1
  Use: Scroll            |     1 |       ||     1
       Potion            |     4 |       ||     4
 Stab: Sleeping          |     1 |       ||     1
  Eat: Chunk             |     3 |     1 ||     4
Armor: Skin              |    28 |     5 ||    33
Dodge: Dodged            |    59 |     6 ||    65
